 Dungeon Crawl Stone Soup version 0.31-a0-1626-g5cb510d (webtiles) character file.

Game seed: 16941111572850821662

371 PidgeyThePirate the Cutter (level 6, -2/48 HPs)
             Began as a Demonspawn Monk on Jan 12, 2024.
             Incinerated by a bombardier beetle (5 damage)
             ... with a burning spray
             ... on level 4 of the Dungeon.
             The game lasted 00:06:07 (2958 turns).

PidgeyThePirate the Cutter (Demonspawn Monk)        Turns: 2958, Time: 00:06:08

Health: -2/48      AC:  4    Str: 14    XL:     6   Next: 42%
Magic:  7/7        EV: 13    Int: 15    God:
Gold:   94         SH:  0    Dex: 20    Spells: 5/5 levels left

rFire   . . .        r - +2 dagger of Virtue {pain, Str+2 Int+3 Dex+3}
rCold   + . .        d - orb {light}
rNeg    . . .        x - +0 leather armour
rPois   .            (no helmet)
rElec   .            z - +0 cloak
rCorr   .            (no gloves)
SInv    .            (no boots)
Will    .....        (no amulet)
Stlth   +            y - ring of protection from cold
HPRegen 0.28/turn    (no ring)
MPRegen 0.10/turn

%: no passive effects
@: on fire, glowing
A: big brain 1, demonic touch 2
a: no special abilities


You were on level 4 of the Dungeon.
You visited 1 branch of the dungeon, and saw 4 of its levels.

You collected 94 gold pieces.

Inventory:

Hand Weapons
 a - a +0 short sword
 r - the +2 dagger of Virtue (weapon) {pain, Str+2 Int+3 Dex+3}
   (You found it on level 2 of the Dungeon)

   Str+2:     It affects your strength (+2).
   Int+3:     It affects your intelligence (+3).
   Dex+3:     It affects your dexterity (+3).
Armour
 b - a +0 robe
 d - an orb of light (worn)
 x - a +0 leather armour (worn)
 z - a +0 cloak (worn)
Jewellery
 l - a ring of ice
 y - a ring of protection from cold (left hand)
Scrolls
 f - a scroll of blinking {unknown}
 h - 2 scrolls of fog {unknown}
 i - 2 scrolls of enchant armour {unknown}
 j - 2 scrolls of identify {unknown}
 n - a scroll of fear {unknown}
 q - 3 scrolls of enchant weapon {unknown}
 s - a scroll of torment {unknown}
 t - 4 scrolls of summoning {unknown}
 u - a scroll of poison {unknown}
 v - a scroll of revelation {unknown}
Potions
 c - a potion of ambrosia
 e - a potion of degeneration {unknown}
 g - 2 potions of attraction {unknown}
 k - 2 potions of curing {unknown}
 m - a potion of heal wounds {unknown}
 o - 2 potions of might {unknown}
 p - a potion of lignification {unknown}
 w - a potion of brilliance {unknown}


   Skills:
 + Level 3.9 Fighting
 * Level 4.8 Short Blades
 + Level 3.8 Dodging
 + Level 1.8 Stealth
 * Level 2.5 Invocations


You had 5 spell levels left.
You didn't know any spells.
Your spell library was empty.

Dungeon Overview and Level Annotations

Branches:
Dungeon (4/15)
 Temple: D:4-7

Altars:
Xom


Innate Abilities, Weirdness & Mutations

You have an unusually large brain. (Int +2)
Your touch may inflict irresistible damage on your foes.


Message History

The liquid fire burns you!
The bombardier beetle sprays incendiary fluid at you.
The burning spray hits you.
You are even more covered in liquid fire!
You hit the bombardier beetle but do no damage.
The bombardier beetle is almost dead.
The liquid fire burns you!
You barely miss the bombardier beetle.
The bombardier beetle is almost dead.
The liquid fire burns you!
The bombardier beetle sprays incendiary fluid at you.
The burning spray hits you.
You are even more covered in liquid fire!
You hit the bombardier beetle.
The bombardier beetle is almost dead.
The liquid fire burns you!
You hit the bombardier beetle.
The bombardier beetle is almost dead.
The liquid fire burns you!
The bombardier beetle completely misses you.
You hit the bombardier beetle.
You kill the bombardier beetle!
The liquid fire burns you!
You shake off some of the fire as you move.
The liquid fire burns you!
You shake off some of the fire as you move.
The liquid fire burns you!
* * * LOW HITPOINT WARNING * * *
You shake off some of the fire as you move.
The liquid fire burns you!
* * * LOW HITPOINT WARNING * * *
You shake off some of the fire as you move.
The liquid fire burns you!
* * * LOW HITPOINT WARNING * * *
You shake off some of the fire as you move.
The liquid fire burns you!
* * * LOW HITPOINT WARNING * * *
You shake off some of the fire as you move.
The liquid fire burns you!
You die...

##........##
#..........#
#<.........#
#..........#
#..........#
.###..........####
..........)†..[....
...#..........#####
#..........@.#
#..................
..............#####.
..............#
......?......##
............##
.!........###
...........


There were no monsters in sight!

Vanquished Creatures
  Grinder (D:3)
  A bombardier beetle (D:4)
  8 adders
  A dart slug (D:1)
  An orc (D:3)
  11 bats
  6 endoplasms
  A giant cockroach (D:1)
  4 goblins
  6 hobgoblins
  6 jackals (D:2)
  3 quokkas
  9 ball pythons
  6 frilled lizards
  8 kobolds
  7 rats
79 creatures vanquished.

Notes
Turn   | Place    | Note
-------+----------+-------------------------------------------
     0 | D:1      | PidgeyThePirate the Demonspawn Monk began the quest for the
                  | Orb.
     0 | D:1      | Reached XP level 1. HP: 18/18 MP: 1/1
   246 | D:1      | Gained mutation: Your touch may inflict minor irresistible
                  | damage on your foes. [demonic ancestry]
   246 | D:1      | Reached XP level 2. HP: 22/24 MP: 2/2
   416 | D:1      | Reached skill level 3 in Short Blades
   979 | D:2      | Gained mutation: Your touch may inflict irresistible damage
                  | on your foes. [demonic ancestry]
   979 | D:2      | Reached XP level 3. HP: 14/29 MP: 3/3
  1551 | D:2      | Reached XP level 4. HP: 35/35 MP: 4/4
  1750 | D:2      | Identified the +2 dagger of Virtue {pain, Str+2 Int+3
                  | Dex+3}
  1768 | D:2      | Reached skill level 1 in Invocations
  1864 | D:2      | Reached skill level 4 in Short Blades
  2229 | D:3      | Noticed Grinder
  2237 | D:3      | Reached skill level 1 in Stealth
  2237 | D:3      | Gained mutation: You have an unusually large brain. (Int
                  | +2) [demonic ancestry]
  2237 | D:3      | Reached XP level 5. HP: 33/41 MP: 4/6
  2285 | D:3      | Found a shimmering altar of Xom.
  2298 | D:3      | Killed Grinder
  2299 | D:3      | Reached XP level 6. HP: 37/48 MP: 7/7
  2958 | D:4      | Incinerated by a bombardier beetle

Illustrated notes

Levels and vault maps discovered:
D:1:      minmay_arrival_four_loops, layout_basic
D:2:      layout_basic, grunt_ministairs_5, minmay_joined_circles
D:3:      layout_basic, mainiacjoe_overflow_chevrons, uniq_grinder
D:4:      layout_rooms, mainiacjoe_overflow_alcove_2, zin_purify

Skill      XL: |  1  2  3  4  5 |
---------------+----------------+-----
Short Blades   | 3 4 |  4.8
Dodging        | 3 |  3.8
Invocations    | 1 2 |  2.5
Stealth        | 1 |  1.8
Fighting       | |  3.9

Action                     |  1- 3 |  4- 6 || total
---------------------------+-------+-------++-------
  Melee: Short sword       |    96 |    23 ||   119
         Touch             |    21 |    17 ||    38
         Dagger            |       |    67 ||    67
         Punch             |       |     2 ||     2
   Stab: Sleeping          |     2 |     4 ||     6
 Armour: Robe              |    51 |    27 ||    78
         Leather armour    |       |     7 ||     7
  Dodge: Dodged            |    77 |    50 ||   127

Table legend: (Time is in decaauts)
 A = Elapsed time spent in this place.
 B = Non-inter-level travel time spent in this place.
 C = Inter-level travel time spent in this place.
 D = Time resting spent in this place.
 E = Time spent auto-exploring this place.
 F = Levels seen in this place.
 G = Mean time per level.
                   A        B        C        D        E       F      G
               +--------+--------+--------+--------+--------+-----+--------+
         Total |   2922 |   2803 |    119 |      0 |   2195 |   4 |  730.5 |
       Dungeon |   2922 |   2803 |    119 |      0 |   2195 |   4 |  730.5 |
               +--------+--------+--------+--------+--------+-----+--------+

Top non-repeatable levels by time:
     D:2: 1148 daAuts
     D:1: 902 daAuts
     D:3: 830 daAuts
     D:4: 41 daAuts
